AoeStats
← zamithdaniel

Arena

507022576Analyzed
3v3 RM · 17d ago on Sep 16, 2026· 34m 10s· 6 players
Game mode
Random Map
Map size
Normal (6 player)
Population
200
Speed
Normal
Resources
Standard
Victory
Conquest
Starting age
Dark Age
Ending age
Imperial Age
RankedLock teamsTeams togetherTeam positionsShared explorationLock speedFull tech treeHidden civsTurbo modeCheats
Victory
Defeat
🇹🇷 Turks · Türkiye
960
+15
🇦🇷 Japanese · Argentina
875
+19
🇹🇼 Wei · Taiwan
868
+19
🇩🇪 Bohemians · Germany
962
-18
🇨🇭 Maya · Switzerland
960
-19
🇨🇴 Celts · Colombia
900
-16
zamithdaniel
11:05 Feudal Age
11:34 Double-Bit Axe
11:34 Horse Collar
18:55 Castle Age
17:19 Stone Mining
21:14 Scale Mail Armor
21:25 Forging
22:09 Gold Mining
30:42 Heavy Plow
34:45 Imperial Age
roman.huber8888
11:00 Feudal Age
12:08 Horse Collar
12:18 Double-Bit Axe
13:39 Gold Mining
18:39 Castle Age
17:30 Stone Mining
18:34 Forging
18:36 Fletching
21:17 Scale Mail Armor
24:08 Bow Saw
24:15 Heavy Plow
26:00 Iron Casting
26:30 Padded Archer Armor
27:26 Eagle Warrior
28:52 Loom
29:44 Elite Skirmisher
30:34 Hul'che Javelineers
Big Olaf
10:11 Feudal Age
10:50 Double-Bit Axe
12:22 Horse Collar
15:02 Wheelbarrow
17:40 Castle Age
18:21 Wheelbarrow
18:33 Bow Saw
30:03 Imperial Age
27:53 Scale Mail Armor
28:03 Forging
28:38 Pikeman
32:17 Two-Man Saw
30:44 Halberdier
32:50 Chemistry
32:30 Heavy Plow
DangerWashington
1:58 Loom
13:21 Feudal Age
18:42 Castle Age
16:57 Double-Bit Axe
17:37 Gold Mining
18:44 Wheelbarrow
18:59 Horse Collar
19:59 Bloodlines
19:49 Husbandry
20:20 Forging
20:59 Scale Barding Armor
23:20 Heavy Plow
23:42 Chain Barding Armor
24:02 Fletching
25:29 Gold Shaft Mining
25:59 Iron Casting
36:56 Imperial Age
demir perde
11:26 Feudal Age
15:20 Castle Age
13:47 Double-Bit Axe
16:18 Bow Saw
17:20 Wheelbarrow
17:13 Horse Collar
23:56 Imperial Age
22:47 Gold Mining
25:54 Fletching
26:30 Town Watch
26:33 Loom
31:02 Heavy Plow
31:19 Guilds
32:17 Two-Man Saw
34:28 Hand Cart
林归于凤
12:29 Feudal Age
12:51 Horse Collar
12:58 Double-Bit Axe
14:06 Wheelbarrow
16:29 Stone Mining
21:17 Castle Age
21:38 Gold Mining
23:42 Gold Shaft Mining
25:08 Squires
28:57 Hand Cart
28:58 Arson
33:59 Scale Mail Armor
34:10 Forging
36:41 Imperial Age
Connection lost

Rejoining the realm…

Still unreachable

The connection could not be restored.

Session expired

The server has moved on; the page needs a fresh start.